 Dungeon Crawl Stone Soup version 0.23-a0-494-g91793a9 (webtiles) character file.

142 JeffiDaFish the Grave Robber (level 5, -8/28 HPs)
             Began as a Deep Elf Necromancer on Dec 3, 2018.
             Mangled by Menkaure (12 damage)
             ... on level 4 of the Dungeon.
             The game lasted 00:07:13 (2440 turns).

JeffiDaFish the Grave Robber (Deep Elf Necromancer) Turns: 2440, Time: 00:07:14

Health: -8/28      AC:  2    Str:  5    XL:     5   Next: 3%
Magic:  10/13      EV: 13    Int: 21    God:
Gold:   159        SH:  0    Dex: 15    Spells: 6/13 levels left

rFire    + . .     SeeInvis .   h - +2 dagger (drain)
rCold    . . .     Gourm    .   (no shield)
rNeg     . . .     Faith    .   a - +0 robe
rPois    .         Spirit   .   (no helmet)
rElec    .         Reflect  .   (no cloak)
rCorr    .         Harm     .   (no gloves)
MR       .....                  (no boots)
Stlth    ++........             (no amulet)
HPRegen  1.09/turn              b - ring of protection from fire
MPRegen  0.13/turn              (no ring)

@: regenerating (expiring)
A: no striking features
a: no special abilities


You were on level 4 of the Dungeon.
You were not hungry.

You visited 1 branch of the dungeon, and saw 4 of its levels.

You collected 159 gold pieces.

Inventory:

Hand Weapons
 h - a +2 dagger of draining (weapon)
Armour
 a - a +0 robe (worn)
Jewellery
 b - a ring of protection from fire (left hand)
Scrolls
 f - 2 scrolls of teleportation
 i - 4 scrolls of identify
 j - a scroll of remove curse
Potions
 e - a potion of brilliance
 g - a potion of might
Comestibles
 c - 5 rations
 d - 3 chunks of flesh


   Skills:
 + Level 0.2 Fighting
 + Level 0.8 Short Blades
 + Level 2.9 Dodging
 + Level 3.4 Stealth
 + Level 4.5 Spellcasting
 + Level 6.1 Necromancy


You had 6 spell levels left.
You knew the following spells:

 Your Spells              Type           Power        Failure   Level  Hunger
a - Pain                  Necr           ####         1%          1    None
b - Vampiric Draining     Necr           ####......   2%          3    ##.....
c - Regeneration          Chrm/Necr      ###.......   10%         3    ##.....

Your spell library contained the following spells:

 Spells                   Type           Power        Failure   Level  Hunger
 Animate Skeleton         Necr           N/A          1%          1    None
 Animate Dead             Necr           N/A          10%         4    ####...


Dungeon Overview and Level Annotations

Branches:
Dungeon (4/15)
 Temple: D:4-7

Altars:
Nemelex Xobeh

Shops:
D:4 [

Annotations:
D:4 Menkaure, Pikel


Message History

Your skin crawls.
Menkaure gestures at you while chanting.
You struggle to resist.
Menkaure calls on the powers of darkness!
Your body is wracked with pain!
The howler monkey convulses!
You hit Menkaure.
Menkaure is lightly damaged.
You hit Menkaure but do no damage.
Menkaure is lightly damaged.
Menkaure hits you!
Ouch! That really hurt!
* * * LOW HITPOINT WARNING * * *
You hit Menkaure but do no damage.
Menkaure is lightly damaged.
Menkaure closely misses you.
You hit Menkaure.
Menkaure is moderately damaged.
Your skin is crawling a little less now.
Menkaure hits you!
You die...

#.#####..###........######
#.....#.## ###..........
#...## #..#...####
#.#####....####.....#.#
#.......##........###..#
....##............. ..#
.............#.....# ###
...##.......#.....# ...
#....h@.# . ..
........M....... .
..##.....(.#..... .
#.......# .... #+#####.#
... .# ## .# .#


You could see Menkaure and a howler monkey.

Vanquished Creatures
  2 slaves (D:4)
  8 adders
  2 worms (D:3)
  A dart slug (D:1)
  A leopard gecko (D:2)
  4 orcs (D:3)
  5 giant cockroaches
  5 goblins
  6 hobgoblins
  4 jackals (D:3)
  5 kobolds
  A quokka (D:2)
  A ball python (D:1)
  5 bats
  5 frilled lizards
  6 rats
61 creatures vanquished.

Notes
Turn   | Place    | Note
-------+----------+-------------------------------------------
     0 | D:1      | JeffiDaFish the Deep Elf Necromancer began the quest for
                  | the Orb.
     0 | D:1      | Reached XP level 1. HP: 10/10 MP: 6/6
    36 | D:1      | Reached skill level 5 in Necromancy
   383 | D:1      | Reached XP level 2. HP: 15/15 MP: 8/8
   704 | D:2      | Reached XP level 3. HP: 16/19 MP: 7/9
   744 | D:2      | Learned a level 3 spell: Vampiric Draining
  1105 | D:2      | Reached XP level 4. HP: 24/24 MP: 12/12
  1553 | D:3      | Reached skill level 6 in Necromancy
  1606 | D:3      | Found a sparkling altar of Nemelex Xobeh.
  1864 | D:3      | Noticed a phantom
  1882 | D:3      | Learned a level 3 spell: Regeneration
  2202 | D:4      | Noticed a slave
  2202 | D:4      | Noticed a slave
  2203 | D:4      | Noticed Pikel
  2203 | D:4      | Noticed a slave
  2228 | D:4      | Killed a slave
  2230 | D:4      | Killed a slave
  2364 | D:4      | Reached XP level 5. HP: 26/28 MP: 10/13
  2386 | D:4      | Found Cauladat's Armour Shoppe.
  2429 | D:4      | Noticed Menkaure
  2440 | D:4      | Mangled by Menkaure

Vault maps used:
D:1:      scummos_arrival_star, minmay_tripent
D:2:      kennysheep_nondescript
D:3:      palyth_stone_intersect, nemelex_spade_bored_becter
D:4:      black_bear_nest_2, nicolae_overflow_crystal_walls, serial_rivers,
          chequers_serial_rivers_small_a, chequers_serial_rivers_micro_c,
          chequers_serial_rivers_room_a, chequers_serial_rivers_micro_b,
          chequers_serial_rivers_micro_d, serial_shops, nicolae_shop_crystal,
          uniq_pikel, uniq_menkaure, uniq_grinder

Skill      XL: |  1  2  3  4 |
---------------+-------------+-----
Necromancy     | 5 6 |  6.1
Spellcasting   | 4 |  4.5
Stealth        | 3 |  3.4
Fighting       | |  0.2
Short Blades   | |  0.8
Dodging        | |  2.9

Action                   |  1- 3 |  4- 6 || total
-------------------------+-------+-------++-------
Melee: Dagger            |    15 |    73 ||    88
 Cast: Pain              |    36 |    14 ||    50
       Vampiric Draining |       |    11 ||    11
       Regeneration      |       |     2 ||     2
  Use: Potion            |     1 |     2 ||     3
       Scroll            |     5 |     2 ||     7
 Stab: Sleeping          |     4 |     6 ||    10
  Eat: Chunk             |       |     6 ||     6
Armor: Robe              |     3 |     2 ||     5
Dodge: Dodged            |    22 |    38 ||    60

Table legend:
 A = Non-vault XP
 B = Vault XP
 C = Vault XP percentage of total XP
 D = Non-vault monster count
 E = Vault monster count
 F = Vault count percentage of total count
                 A         B        C        D         E       F
            +---------+---------+-------+---------+---------+-------
      Total |     201 |       2 |   1.0 |      57 |       2 |   3.4
            +---------+---------+-------+---------+---------+-------
        D:1 |      19 |       2 |   9.5 |      11 |       2 |  15.4
        D:2 |      95 |       0 |   0.0 |      21 |       0 |   0.0
        D:3 |      73 |       0 |   0.0 |      23 |       0 |   0.0
        D:4 |      14 |       0 |   0.0 |       2 |       0 |   0.0
            +---------+---------+-------+---------+---------+-------
